 Dungeon Crawl Stone Soup version 0.27-a0-1431-gcffa5a9b16 (webtiles) character file.

Game seed: 3196890713718753907

222496 Snarg the Spry (level 19, -8/143 HPs)
             Began as a Djinni Wanderer on June 24, 2021.
             Was a High Priest of Makhleb.
             Killed from afar by Nikola (62 damage)
             ... with an arc of chain lightning
             ... on level 1 of the Vaults on July 2, 2021.
             The game lasted 05:21:28 (40708 turns).

Snarg the Spry (Djinni Wanderer)                   Turns: 40708, Time: 05:21:29

Health: -8/143     AC: 14    Str: 13      XL:     19   Next: 46%
Gold:   2352       EV: 22    Int: 17 (18) God:    Makhleb [*****.] SH:  7 Dex: 17 (18)

rFire    + + .     SeeInvis .   i - staff of cold
rCold    . . .     Faith    .   k - +0 buckler
rNeg     . . .     Spirit   .   T - +2 acid dragon scales
rPois    ∞         Reflect  .   A - +1 hat {Stlth+}
rElec    .         Harm     .   r - +0 cloak
rCorr    +         Rampage  .   f - +1 pair of gloves {Dex+3}
Will     ++...                  (boots unavailable)
Stlth    ++++......             E - amulet of regeneration
HPRegen  1.33/turn              M - ring of wizardry
MPRegen  0.00/turn              R - ring of willpower

@: spewing sludge, flying, studying 2 skills
A: sickness immunity, fire resistance 2, cold vulnerability 1, float, innate
caster, hp casting, extra vitality 1
}: 2/15 runes: decaying, gossamer
a: Renounce Religion, Minor Destruction, Lesser Servant of Makhleb, Major
Destruction, Greater Servant of Makhleb


You were on level 1 of the Vaults.
You worshipped Makhleb.
Makhleb was extremely pleased with you.
You visited 7 branches of the dungeon, and saw 33 of its levels.
You also visited: Ice Cave.

You collected 2897 gold pieces.
You spent 545 gold pieces at shops.

Inventory:

Hand Weapons
 a - a +2 dagger of venom
 v - the +4 dagger "Morg" {pain, Will+ Int+5}
   (You acquired it on level 1 of the Swamp)

   In the hands of one skilled in necromantic magic, it inflicts extra damage on
   living creatures.
   Int:       It affects your intelligence (+5).
   Will:      It increases your willpower.
 N - the +4 short sword of the Eggplant {holy, Dex+2}
   (You bought it in a shop on level 2 of the Orcish Mines)

   It has been blessed by the Shining One to cause great damage to the undead
   and demons.
   Dex:       It affects your dexterity (+2).
 V - the +5 falchion of Kut Mayx {protect, rN+}
   (You found it on level 5 of the Lair of Beasts)

   It grants its wielder temporary protection when it strikes (+7 to AC).
   rN:        It protects you from negative energy.
Missiles
 c - 4 boomerangs of dispersal
 g - 734 stones
 u - 3 throwing nets
 w - 72 boomerangs
 x - 12 javelins
 W - 4 curare-tipped darts
Armour
 f - a +1 pair of gloves of dexterity (worn)
 k - a +0 buckler (worn)
 r - a +0 cloak (worn)
 A - a +1 hat of stealth (worn)
 T - +2 acid dragon scales (worn)
Magical Staves
 b - a staff of conjuration
 i - a staff of cold (weapon)
Jewellery
 d - a ring of see invisible
 y - a ring of protection from cold
 E - an amulet of regeneration (around neck)
 M - a ring of wizardry (left hand)
 R - a ring of willpower (right hand)
 Z - a ring of ice
Wands
 l - a wand of iceblast (15)
 s - a wand of polymorph (12)
 B - a wand of flame (60)
 K - a wand of charming (10)
 S - a wand of paralysis (6)
 U - a wand of digging (5)
Scrolls
 e - 10 scrolls of teleportation
 h - a scroll of holy word
 n - a scroll of blinking
 q - 10 scrolls of identify
 D - 2 scrolls of vulnerability
 H - 6 scrolls of fear
 J - a scroll of magic mapping
 L - 3 scrolls of fog
 Q - 3 scrolls of immolation
Potions
 m - 4 potions of ambrosia
 o - a potion of resistance
 t - 4 potions of attraction
 C - a potion of cancellation
 F - 2 potions of curing
 I - 2 potions of haste
 P - 4 potions of might
 Y - 4 potions of heal wounds
Miscellaneous
 j - a box of beasts (inert)
 z - a phantom mirror
 G - a tin of tremorstones (2/2)
 O - a condenser vane


   Skills:
 * Level 15.4 Fighting
 - Level 7.5 Short Blades
 - Level 1.0 Axes
 + Level 1.1 Staves
 - Level 1.1 Throwing
 - Level 6.0 Armour
 * Level 18.6 Dodging
 - Level 5.4 Stealth
 * Level 9.1 Shields
 + Level 12.9 Spellcasting
 * Level 12.4 Invocations
 - Level 3.0 Evocations


You couldn't memorise any spells.
You knew the following spells:

 Your Spells              Type           Power      Damage    Failure   Level
a - Sandblast             Erth           100%       2d20      1%          1
b - Stone Arrow           Conj/Erth      100%       3d13      1%          3
c - Sandblast             Erth           100%       2d20      1%          1
d - Stone Arrow           Conj/Erth      100%       3d13      1%          3
e - Animate Skeleton      Necr           100%       N/A       1%          1
f - Searing Ray           Conj           100%       3d7       1%          2
g - Wereblood             Tmut           53%        N/A       1%          2
h - Ozocubu's Armour      Ice            70%        N/A       1%          3
i - Summon Mana Viper     Hex/Summ       53%        N/A       1%          5
j - Silence               Hex/Air        26%        N/A       1%          5
k - Starburst             Conj/Fire      26%        8x6d8     2%          6
l - Ozocubu's Refrigerat  Ice            35%        4d12      16%         7
m - Eringya's Noxious Bo  Tmut/Pois      26%        N/A       2%          6

Your spell library contained the following spells:

 Spells                   Type           Power      Damage    Failure   Level


Dungeon Overview and Level Annotations

Branches:
Dungeon (15/15)            Temple (1/1) D:7            Lair (6/6) D:11
  Swamp (4/4) Lair:2       Spider (4/4) Lair:4        Slime (0/5) Lair:6
    Orc (2/2) D:11            Elf (0/3) Orc:2        Vaults (1/5) D:13
 Depths (0/5) D:15          IceCv (visited)

Altars:
Ashenzari
Cheibriados
Dithmenos
Elyvilon
Fedhas
Gozag
Hepliaklqana
Kikubaaqudgha
Makhleb
Nemelex Xobeh
Okawaru
Qazlal
Ru
Sif Muna
Trog
Uskayaw
Vehumet
Wu Jian
Xom
Yredelemnul
Zin
The Shining One
Jiyva

Shops:
D:10 =   Orc:2 (?=(:

Portals:
Trove: D:11 (give +6 ice dragon scales)

Annotations:
D:1 clr
D:2 clr
D:4 clr
D:5 clr
D:6 clr
D:7 clr
D:8 clr
D:9 clr
D:10 clr
D:12 clr
D:13 clr
D:14 clr
Lair:1 clrc
Lair:2 clr
Lair:3 cleclr
Lair:4 clr
Lair:5 clr
Lair:6 clr
Swamp:2 clr
Swamp:3 clr
Swamp:4 clr, got rune!
Spider:1 clr
Spider:2 clr
Spider:3 clr
Spider:4 clr
Orc:2 clr
Vaults:1 Nikola


Innate Abilities, Weirdness & Mutations

You are immune to sickness and miasma.
You are immune to poison.
Your flesh is very heat resistant. (rF++)
You are vulnerable to cold. (rC-)
You float through the air rather than walking.
You learn spells naturally, not from books.
Your magical power is your life essence.
You have superior vitality. (+4 HP)


Message History

Your deep troll skeleton claws the centaur warrior!
Unknown command.
Casting: Ozocubu's Refrigeration (dangerous; 16% risk of failure)
Confirm with . or Enter, or press ? or * to list all spells.
Casting: Eringya's Noxious Bog (dangerous; 2% risk of failure)
Press: ? - help, Dir - look around, f - activate You spew toxic sludge!
The centaur warrior festers in the toxic bog!
The centaur warrior looks as sick as possible!
The centaur warrior completely misses you.
The centaur warrior kicks you but does no damage.
The centaur warrior festers in the toxic bog!
The centaur warrior looks as sick as possible!
The centaur warrior hits your deep troll skeleton!
Your deep troll skeleton is destroyed!
Your deep troll skeleton closely misses the centaur warrior.
Your deep troll skeleton claws the centaur warrior!
Your deep troll skeleton claws the centaur warrior but does no damage.
Unknown command.
The centaur warrior festers in the toxic bog!
The centaur warrior looks as sick as possible!
The centaur warrior festers in the toxic bog!
The centaur warrior looks as sick as possible!
The centaur warrior dies!
The centaur warrior wields a +0 longbow.
The centaur warrior shoots an arrow.
The arrow hits you!
Nikola casts a spell.
Lightning arcs from Nikola's hands!
The bolt of lightning hits your deep troll skeleton!!!!
Your deep troll skeleton is destroyed!
A bolt of lightning appears from out of thin air!
The bolt of lightning hits Nikola.
The bolt of lightning hits the vault sentinel!!!
The vault sentinel dies!
The bolt of lightning hits you!!!
The bolt of lightning hits the centaur warrior!!
The centaur warrior dies!
Nikola gestures wildly while chanting.
Lightning arcs from Nikola's hands!
The bolt of lightning hits you!!!
You die...

#..)..#......#
#.#.#.#......#
#..[Z.#......#
#.>####......#
#.....#......#
#.....'......#
#....Z#......#
####..#.≈≈≈≈.#
#.....#.≈@≈≈.#
#..#..#.≈≈≈≈.#
#.....#.≈≈≈≈.#
#######)))≈≈.####
......)≈≈≈.....
....@..........
...######+#####
... ..


You could see Nikola.

Vanquished Creatures
  Rupert (D:13)
  A bone dragon (Swamp:4)
  Asterion (Spider:4)
  A fire giant (D:15)
  Roxanne (D:15)
  5 emperor scorpions
  2 orc warlords (Orc:2)
  The ghost of Kicvos the Blocker, a journeyman OpBe of Trog (Orc:1)
  An ironbound preserver (Vaults:1)
  A green draconian (Swamp:4)
  2 entropy weavers
  A bunyip (Swamp:3)
  8 spark wasps
  The ghost of Pooter the Fighter, a journeyman MiBe of Trog (Lair:4)
  5 eleionomae
  A fire dragon (Lair:6)
  2 shambling mangroves (Swamp:3)
  A boulder beetle (D:14)
  Harold (D:7)
  An ogre mage (D:15)
  4 ghost crabs
  14 hydras
  3 death yaks (Lair:4)
  4 centaur warriors
  8 two-headed ogres
  9 alligators
  2 orc high priests
  2 goliath frogs
  3 deep trolls (Vaults:1)
  4 swamp dragons (Swamp:4)
  4 bog bodies
  A spriggan druid (Swamp:4)
  6 orc knights
  A harpy (shapeshifter) (D:13)
  2 spectral hydras (Swamp:4)
  A necromancer (IceCv)
  The ghost of logorrheac the Ducker, a novice GnMo of Ru (D:6)
  3 deep elf pyromancers
  2 ugly things
  3 will-o-the-wisps
  3 cyclopes
  4 orc sorcerers (Orc:2)
  19 wolf spiders
  15 orb spiders
  A moth of wrath (Spider:4)
  A vault sentinel (Vaults:1)
  11 elephants
  3 torpor snails
  6 black mambas
  3 orange demons (D:10)
  9 cane toads
  4 swamp worm zombies (Swamp:4)
  Maggie (Lair:2)
  2 molten gargoyles (Lair:6)
  A kobold demonologist (D:12)
  An unseen horror (shapeshifter) (D:14)
  Psyche (D:11)
  3 rime drakes
  4 komodo dragons
  10 demonic crawlers
  A yaktaur (D:15)
  3 red devils (D:10)
  2 tengu conjurers
  3 trolls
  15 jumping spiders
  24 hornets
  3 ice devils (IceCv)
  2 polar bears
  7 tyrant leeches
  2 bloated husks
  14 slime creatures
  2 blink frogs (Lair:2)
  4 spectral swamp dragons (Swamp:4)
  3 dream sheep (Lair:5)
  A dire elephant simulacrum (Lair:4)
  10 spriggans
  45 redbacks
  A spriggan (shapeshifter) (D:13)
  A shadow (D:9)
  19 tarantellas
  2 vampires
  5 wraiths
  6 wyverns
  15 humans
  41 yaks
  5 basilisks
  A steam dragon (Lair:6)
  10 swamp worms
  5 wargs
  Menkaure (D:5)
  11 vampire mosquitoes
  An acid dragon (D:11)
  2 hell hounds (Lair:6)
  15 water moccasins
  45 orc warriors
  7 swamp dragon zombies (Swamp:4)
  8 ice beasts (Lair:2)
  2 sky beasts
  A necrophage (D:4)
  9 swamp drakes
  A black bear (D:6)
  8 ogres
  4 wolves
  22 centaurs
  7 boggarts (D:14)
  3 phantoms (Swamp:4)
  A kobold brigand (D:10)
  9 bullfrogs
  3 gnoll sergeants
  A water moccasin zombie (D:3)
  2 water moccasin skeletons
  4 wights (D:10)
  4 killer bees (D:9)
  3 electric eels
  A howler monkey (D:8)
  5 lava snakes (Lair:6)
  2 draconian simulacra (IceCv)
  4 centaur zombies
  2 hounds
  3 jellies
  17 orc priests
  3 centaur skeletons
  22 orc wizards
  An iguana (D:3)
  A spectral killer bee (D:6)
  4 hell rats (Lair:4)
  A spriggan simulacrum (IceCv)
  A troll simulacrum (IceCv)
  A centaur simulacrum (IceCv)
  A hound skeleton (D:5)
  A killer bee simulacrum (D:6)
  26 gnolls
  A howler monkey zombie (D:8)
  A swamp drake zombie (Swamp:4)
  4 adders
  3 naga simulacra (IceCv)
  2 ogre simulacra (IceCv)
  An ufetubus (D:6)
  An adder skeleton (D:5)
  A worm (D:4)
  A dart slug (D:4)
  105 orcs
  5 endoplasms
  6 giant cockroaches
  5 goblins
  4 hobgoblins
  11 jackals
  2 quokkas
  11 ball pythons
  8 bats
  6 frilled lizards
  15 kobolds
  6 rats
938 creatures vanquished.

Vanquished Creatures (collateral kills)
  Bai Suzhen (Spider:3)
  Arachne (Spider:3)
  Jorgrun (Spider:1)
  Kirke (Spider:3)
  3 ghost moths
  A green draconian (Swamp:4)
  The ghost of indyram44 the Schismatic, a journeyman DsAK of Lugonu (Lair:5)
  A spark wasp (Spider:2)
  2 bunyips
  5 hydras
  5 two-headed ogres
  4 centaur warriors
  3 death yaks (Lair:4)
  A fire crab (Lair:6)
  A death drake (Swamp:4)
  A swamp dragon (Swamp:2)
  An orb spider (Spider:2)
  A will-o-the-wisp (Swamp:1)
  6 wolf spiders
  A moth of wrath (Spider:1)
  4 elephants
  3 ice statues (IceCv)
  A manticore (D:13)
  6 black mambas
  A rime drake (Lair:2)
  An orange demon (D:10)
  3 cane toads
  5 ice devils (IceCv)
  A swamp worm zombie (Swamp:4)
  A demonic crawler (Spider:2)
  An anaconda simulacrum (Lair:4)
  3 komodo dragons
  A troll (D:12)
  6 jumping spiders
  4 hornets
  Prince Ribbit (D:6)
  A blink frog (Lair:2)
  2 tyrant leeches
  3 dream sheep (Lair:5)
  A spectral swamp dragon (Swamp:4)
  2 alligator zombies (Swamp:4)
  Eustachio (D:6)
  8 redbacks
  3 tarantellas (Spider:4)
  A wyvern (Lair:6)
  3 wraiths (D:12)
  A basilisk (Lair:6)
  2 humans (D:13)
  11 yaks
  2 vampire mosquitoes (D:11)
  3 steam dragons
  4 water moccasins
  2 hell hounds (Lair:6)
  2 swamp worms (Swamp:1)
  An acid dragon (D:11)
  An orc warrior (D:7)
  2 black bears (D:6)
  An ice beast (D:7)
  A swamp drake (Swamp:1)
  A boggart (D:14)
  2 wolves (Lair:4)
  3 phantoms (Swamp:4)
  3 centaurs
  A kobold brigand (D:7)
  Blork the orc (D:6)
  3 bullfrogs
  A water moccasin zombie (D:6)
  A wyvern skeleton (D:6)
  A killer bee (D:9)
  A komodo dragon simulacrum (Lair:4)
  A gnoll shaman (D:8)
  2 orc wizards (D:11)
  2 hell rats (Lair:4)
  2 yak simulacra (Lair:4)
  A centaur simulacrum (D:6)
  4 gnolls
  A white imp (D:7)
  2 kobolds
174 creatures vanquished.

Vanquished Creatures (others)
  2 hydras (Swamp:2)
  2 centaur warriors (Vaults:1)
  A bog body (Swamp:4)
  A phantasmal warrior (Swamp:4)
  An orb spider (Spider:4)
  A molten gargoyle (Lair:6)
  A vault sentinel (Vaults:1)
  2 bloated husks
  A tyrant leech (Swamp:4)
  A wyvern (Lair:6)
  5 humans (Spider:4)
  A vampire mosquito (D:13)
  2 swamp worms (Swamp:2)
  A hell hound (Lair:6)
  A phantom (Swamp:4)
  4 foxfires (Swamp:3)
  19 fungi
  27 plants
73 creatures vanquished.

Grand Total: 1185 creatures vanquished

Notes
Turn   | Place    | Note
-------+----------+-------------------------------------------
     0 | D:1      | Snarg the Djinni Wanderer began the quest for the Orb.
     0 | D:1      | Reached XP level 1. HP: 15/15 MP: 0/0
   474 | D:1      | Reached XP level 2. HP: 17/21 MP: 0/0
   902 | D:1      | Reached XP level 3. HP: 20/26 MP: 0/0
   902 | D:1      | Learned a level 1 spell: Animate Skeleton
  1945 | D:2      | Found a faded altar of an unknown god.
  1952 | D:2      | Became a worshipper of Makhleb the Destroyer
  1952 | D:2      | Reached * piety under Makhleb
  2414 | D:2      | Reached skill level 1 in Fighting
  2700 | D:2      | Reached XP level 4. HP: 26/32 MP: 0/0
  3024 | D:3      | Reached XP level 5. HP: 23/37 MP: 0/0
  3024 | D:3      | Learned a level 2 spell: Searing Ray
  3255 | D:3      | Reached ** piety under Makhleb
  3299 | D:3      | Found a glowing golden altar of the Shining One.
  3410 | D:3      | Reached skill level 1 in Dodging
  3773 | D:3      | Found a glowing golden altar of the Shining One.
  4027 | D:3      | Noticed an ogre
  4043 | D:3      | Killed an ogre
  4044 | D:3      | Reached skill level 5 in Spellcasting
  4044 | D:3      | Reached XP level 6. HP: 43/43 MP: 0/0
  4215 | D:4      | Reached skill level 1 in Invocations
  4215 | D:4      | Reached XP level 7. HP: 36/49 MP: 0/0
  4215 | D:4      | Learned a level 2 spell: Wereblood
  4461 | D:4      | Reached skill level 2 in Dodging
  5324 | D:4      | Reached *** piety under Makhleb
  5325 | D:4      | Reached XP level 8. HP: 46/58 MP: 0/0
  5698 | D:5      | Entered Level 5 of the Dungeon
  6223 | D:5      | Noticed Menkaure
  6232 | D:5      | Killed Menkaure
  6233 | D:5      | Reached skill level 5 in Invocations
  6638 | D:6      | Reached skill level 1 in Stealth
  6660 | D:6      | Reached **** piety under Makhleb
  6661 | D:6      | Reached XP level 9. HP: 34/62 MP: 0/0
  6661 | D:6      | Learned a level 3 spell: Ozocubu's Armour
  6838 | D:6      | Found a runed translucent gate.
  6838 | D:6      | Found a runed translucent gate.
  6838 | D:6      | Found a runed translucent gate.
  6838 | D:6      | Noticed Blork the orc
  6859 | D:5      | Reached skill level 3 in Dodging
  7193 | D:6      | Noticed Prince Ribbit
  7209 | D:6      | Killed Prince Ribbit
  7210 | D:6      | Reached skill level 1 in Short Blades
  7488 | D:6      | Noticed Eustachio
  7502 | D:6      | Killed Blork the orc
  7506 | D:6      | Killed Eustachio
  7507 | D:6      | Reached skill level 5 in Fighting
  7508 | D:6      | Reached skill level 4 in Dodging
  7692 | D:6      | Noticed logorrheac's ghost (novice GnMo)
  7779 | D:6      | Noticed a two-headed ogre
  7780 | D:6      | Upgraded the game from 0.27-a0-1325-g58a489ad9e to
                  | 0.27-a0-1359-ga2a4dfd6fd
  7786 | D:6      | Killed a two-headed ogre
  8035 | D:7      | Reached XP level 10. HP: 36/72 MP: 0/0
  8194 | D:7      | Noticed a deep elf pyromancer
  8245 | D:7      | Killed a deep elf pyromancer
  8246 | D:7      | Reached skill level 1 in Throwing
  8246 | D:7      | Reached skill level 5 in Dodging
  8644 | D:7      | Noticed Harold
  8679 | D:7      | Killed Harold
  8894 | D:7      | Found a staircase to the Ecumenical Temple.
  8905 | Temple   | Entered the Ecumenical Temple
 10580 | D:8      | Reached skill level 6 in Dodging
 10580 | D:8      | Reached XP level 11. HP: 56/78 MP: 0/0
 10580 | D:8      | Learned a level 5 spell: Summon Mana Viper
 10864 | D:8      | Noticed a two-headed ogre
 10875 | D:8      | Killed a two-headed ogre
 12341 | D:9      | Upgraded the game from 0.27-a0-1359-ga2a4dfd6fd to
                  | 0.27-a0-1378-gdefffd1ff6
 13018 | D:10     | Entered Level 10 of the Dungeon
 13434 | D:10     | Found Fogg's Jewellery Shop.
 13917 | D:10     | Reached skill level 7 in Dodging
 13920 | D:10     | Reached skill level 5 in Short Blades
 14074 | D:10     | Reached XP level 12. HP: 51/86 MP: 0/0
 14401 | D:11     | Noticed an eight-headed hydra
 14430 | D:10     | Killed an eight-headed hydra
 14527 | D:11     | Noticed Psyche
 14536 | D:11     | Killed Psyche
 14577 | D:11     | Found a portal to a secret trove of treasure.
 15052 | D:11     | Found a staircase to the Orcish Mines.
 15154 | D:11     | Reached skill level 8 in Dodging
 15198 | D:11     | Noticed a two-headed ogre
 15205 | D:11     | Killed a two-headed ogre
 15366 | D:11     | Found a staircase to the Lair.
 15376 | Lair:1   | Entered Level 1 of the Lair of Beasts
 15410 | Lair:1   | Noticed a five-headed hydra
 15416 | Lair:1   | Killed a five-headed hydra
 15417 | Lair:1   | Reached skill level 5 in Stealth
 15729 | Lair:1   | Reached ***** piety under Makhleb
 15850 | Lair:1   | Reached skill level 5 in Shields
 16497 | D:10     | Bought a ring of protection from cold for 325 gold pieces
 16592 | Lair:2   | Found a frozen archway.
 16601 | Lair:2   | Reached skill level 9 in Dodging
 16622 | Lair:2   | Reached XP level 13. HP: 94/94 MP: 0/0
 16622 | Lair:2   | Learned a level 5 spell: Silence
 16645 | IceCv    | Entered an ice cave
 17279 | IceCv    | HP: 3/94 [ice statue] (7)]
 17499 | Lair:2   | Reached skill level 5 in Armour
 17611 | Lair:2   | Reached skill level 10 in Dodging
 18286 | Lair:2   | Noticed Maggie
 18303 | Lair:2   | Killed Maggie
 18346 | Lair:2   | Found a staircase to the Swamp.
 18852 | Lair:3   | Noticed an eight-headed hydra
 18862 | Lair:3   | Killed an eight-headed hydra
 18863 | Lair:3   | Reached skill level 10 in Fighting
 18893 | Lair:3   | Reached skill level 11 in Dodging
 18982 | Lair:3   | Noticed a seven-headed hydra
 18995 | Lair:3   | Killed a seven-headed hydra
 18996 | Lair:3   | Reached skill level 10 in Spellcasting
 19568 | Lair:4   | Found a transporter.
 19660 | Lair:4   | Found a transporter.
 19668 | Lair:4   | Reached XP level 14. HP: 88/103 MP: 0/0
 19719 | Lair:4   | Found a runed translucent gate.
 19719 | Lair:4   | Found a runed translucent gate.
 19719 | Lair:4   | Found a runed translucent gate.
 19720 | Lair:4   | Noticed Pooter's ghost (journeyman MiBe)
 19840 | Lair:4   | Reached skill level 12 in Dodging
 20186 | Lair:4   | Found a bloodstained altar of Trog.
 20205 | Lair:4   | Found a hole to the Spider Nest.
 20541 | Lair:4   | Killed Pooter's ghost
 20663 | Lair:2   | Reached skill level 13 in Dodging
 20838 | D:6      | Killed logorrheac's ghost
 21286 | Lair:5   | Identified the +5 falchion of Kut Mayx {protect, rN+}
 21302 | Lair:5   | Found a runed translucent door.
 21303 | Lair:5   | Noticed indyram44's ghost (journeyman DsAK)
 21344 | Lair:5   | Killed indyram44's ghost
 22507 | Lair:6   | Entered Level 6 of the Lair of Beasts
 22806 | Lair:6   | Found a viscous altar of Jiyva.
 22807 | Lair:6   | Found a staircase to the Slime Pits.
 23680 | Lair:6   | Reached XP level 15. HP: 107/111 MP: 0/0
 23680 | Lair:6   | Learned a level 6 spell: Starburst
 23738 | Lair:6   | Found a large runed translucent door.
 23739 | Lair:6   | Found a large runed translucent door.
 24987 | D:12     | Reached skill level 14 in Dodging
 25424 | Lair:1   | Upgraded the game from 0.27-a0-1378-gdefffd1ff6 to
                  | 0.27-a0-1384-g1422d76b99
 25473 | Swamp:1  | Entered Level 1 of the Swamp
 25815 | Swamp:1  | Identified 2 scrolls of acquirement
 25838 | Swamp:1  | Acquired a manual of Fighting
 25963 | Swamp:1  | Acquired the +4 dagger "Morg" {pain, Will+ Int+5}
 25964 | Swamp:1  | Found the +4 dagger "Morg" {pain, Will+ Int+5}
 26426 | Swamp:2  | Reached XP level 16. HP: 109/118 MP: 0/0
 27136 | Swamp:3  | Reached skill level 15 in Dodging
 27922 | Swamp:4  | Entered Level 4 of the Swamp
 27933 | Swamp:4  | Reached ****** piety under Makhleb
 28072 | Swamp:4  | Reached skill level 10 in Invocations
 28928 | Swamp:4  | Reached skill level 16 in Dodging
 29184 | Swamp:4  | Noticed a bone dragon
 29241 | Swamp:4  | Killed a bone dragon
 29242 | Swamp:4  | Reached XP level 17. HP: 70/126 MP: 0/0
 29242 | Swamp:4  | Learned a level 7 spell: Ozocubu's Refrigeration
 29309 | Swamp:4  | Got a decaying rune of Zot
 29503 | Spider:1 | Entered Level 1 of the Spider Nest
 29628 | Spider:1 | Reached skill level 1 in Staves
 29682 | Spider:1 | Noticed Jorgrun
 29860 | D:13     | Found a gate to the Vaults.
 29860 | D:13     | Noticed Rupert
 30449 | D:13     | Reached skill level 17 in Dodging
 30478 | D:13     | Paralysed by Rupert for 3 turns
 30491 | D:13     | Killed Rupert
 31526 | Orc:1    | Entered Level 1 of the Orcish Mines
 31594 | Orc:1    | Found a runed translucent gate.
 31595 | Orc:1    | Found a runed translucent gate.
 31596 | Orc:1    | Found a runed translucent gate.
 31597 | Orc:1    | Noticed Kicvos's ghost (journeyman OpBe)
 31800 | Orc:1    | Killed Kicvos's ghost
 31850 | Orc:2    | Entered Level 2 of the Orcish Mines
 31971 | Orc:2    | Found Luyph's Antique Weapon Shoppe.
 31979 | Orc:2    | Bought a transparent short sword for 136 gold pieces
 31979 | Orc:2    | Identified the +4 short sword of the Eggplant {holy, Dex+2}
                  | (You bought it in a shop on level 2 of the Orcish Mines)
 32288 | Orc:2    | Upgraded the game from 0.27-a0-1384-g1422d76b99 to
                  | 0.27-a0-1416-g941b2bd30b
 32380 | Orc:2    | Found Revvug's Weapon Shoppe.
 32380 | Orc:2    | Found Synouwo's Jewellery Shop.
 32382 | Orc:2    | Found Nueseah's Magic Scroll Boutique.
 32384 | Orc:2    | Found Fewn's Book Emporium.
 32859 | Orc:2    | Reached XP level 18. HP: 84/136 MP: 0/0
 32926 | Orc:2    | Found a staircase to the Elven Halls.
 34075 | Spider:1 | Killed Jorgrun
 34926 | Spider:2 | Reached skill level 18 in Dodging
 36367 | Spider:3 | Noticed Bai Suzhen
 36478 | Spider:3 | Killed Bai Suzhen
 36529 | Spider:3 | Acquired a manual of Shields
 36837 | Spider:3 | Reached skill level 15 in Fighting
 37684 | Orc:2    | Bought a scroll of teleportation for 39 gold pieces
 37684 | Orc:2    | Bought a scroll of magic mapping for 45 gold pieces
 37896 | Spider:4 | Entered Level 4 of the Spider Nest
 38017 | Spider:4 | Noticed Arachne
 38042 | Spider:3 | Killed Arachne
 38084 | Spider:4 | Noticed Kirke
 38107 | Spider:3 | Killed Kirke
 38255 | Spider:4 | Noticed Asterion
 38341 | Spider:4 | Killed Asterion
 38984 | Spider:4 | Reached XP level 19. HP: 139/143 MP: 0/0
 38984 | Spider:4 | Learned a level 6 spell: Eringya's Noxious Bog
 39339 | Spider:4 | Upgraded the game from 0.27-a0-1416-g941b2bd30b to
                  | 0.27-a0-1431-gcffa5a9b16
 39397 | Spider:4 | Got a gossamer rune of Zot
 39727 | D:15     | Entered Level 15 of the Dungeon
 40091 | D:15     | Noticed Roxanne
 40251 | D:15     | Killed Roxanne
 40360 | D:15     | Found a staircase to the Depths.
 40648 | Vaults:1 | Entered Level 1 of the Vaults
 40704 | Vaults:1 | Noticed Nikola
 40708 | Vaults:1 | Killed from afar by Nikola

Illustrated notes

Levels and vault maps discovered:
D:1:      kilobyte_arrival_exit_the_forest, layout_basic
D:2:      layout_basic, shapermc_ecumenical_altar_totnotflames,
          minmay_crystal_water
D:3:      layout_basic, tso_metal_star, kennysheep_flooded_box
D:4:      layout_loops_ring, minmay_small_thing
D:5:      layout_loops_ring, uniq_menkaure
D:6:      layout_basic, gammafunk_ghost_necromancy, uniq_prince_ribbit1,
          uniq_blork_the_orc, uniq_eustachio
D:7:      layout_rooms, minmay_temple_entry_antechambers, uniq_harold
D:8:      layout_basic, kennysheep_generic_room_6
D:9:      layout_irregular_city
D:10:     layout_loops_ring, serial_shops, shop, minmay_beelzebubs_servants
D:11:     layout_loops_cross, lair_entry_dummy, david_orc_4, enter_trove_1,
          uniq_psyche
D:12:     layout_basic, chequers_serial_rivers_small_a, minmay_misc_feat_room
D:13:     layout_big_octagon, david_vaults_3, library_closet, led_sif_book
D:14:     layout_basic, minmay_misc_feat_secret_circle
D:15:     grunt_enter_depths_giant_problem, layout_rooms, serial_bayou_pond_b,
          chequers_serial_rivers_micro_c, uniq_roxanne
Temple:   kilobyte_greek_temple
Lair:1:   layout_chaotic_city
Lair:2:   layout_chaotic_city, minmay_swamp_entry_worms,
          portal_ice_cave_entry_ice_beasts, uniq_maggie
Lair:3:   layout_loops_ring, minivault_19, serial_bayou_shore_a,
          infiniplex_staircase_pool, grunt_megastairs_3
Lair:4:   gammafunk_cloud_chamber, layout_long_grid,
          spider_nest_entry_funnel_web, ebering_ghost_rock_garden, basic_altar
Lair:5:   layout_cave_pods, ebering_ghost_inner_flame, lemuel_old_faithful,
          grunt_megastairs_4
Lair:6:   cheibrodos_lair_end_hotspot, layout_layer_cave,
          dpeg_slime_entry_enclosed_altar, minivault_26,
          chequers_serial_rivers_small_b
Swamp:1:  layout_falls_marsh, nicolae_swamp_little_swirl
Swamp:2:  layout_basic_swamp, hangedman_swamp_ruin_wall, swamp_pool2,
          st_swamp_ruins_4
Swamp:3:  layout_basic_swamp, evilmike_swamp_ruin_house_5
Swamp:4:  swamp_pestilence, layout_basic_swamp, swamp_pool3,
          hangedman_swamp_dais
Spider:1: layout_spider_delve, uniq_jorgrun
Spider:2: layout_spider_delve
Spider:3: layout_spider_delve, nicolae_spider_cling_ruins, uniq_bai_suzhen
Spider:4: guppyfry_spider_rune, hangedman_spider_tarantella_strand, uniq_kirke,
          uniq_arachne, uniq_asterion
Orc:1:    layout_caves, serial_shops, shop, ebering_ghost_rock_garden
Orc:2:    st_orc_rangers, layout_caves, serial_shops, nicolae_lakefront_shop,
          minmay_orc_treasury
Vaults:1: nicolae_vaults_shelves_hall, vaults_room_ringed_pool, v_misc_18,
          hangedman_vaults_cutoff, v_misc_28, nicolae_vaults_circle_grid_b,
          layout_vaults_omnicross, serial_shops, nicolae_shop_waterfront,
          uniq_nikola

Skill      XL: |  1  2  3  4  5  6  7  8  9 10 11 12 13 14 15 16 17 18 19 |
---------------+----------------------------------------------------------+-----
Fighting       | 1 2 3 4 5 6 7 9 10 11 12 13 14 15 | 15.4
Armour         | 3 4 5 6 |  6.0
Dodging        | 1 2 4 6 7 9 11 13 14 16 17 18 | 18.6
Spellcasting   | 5 6 7 8 9 10 11 12 | 12.9
Invocations    | 1 2 5 7 8 9 10 11 12 | 12.4
Stealth        | 1 2 4 5 |  5.4
Short Blades   | 1 3 5 6 7 |  7.5
Throwing       | 1 |  1.1
Shields        | 5 6 7 8 9 |  9.1
Evocations     | 2 3 |  3.0
Staves         | 1 |  1.1
Axes           | |  1.0

Action                   |  1- 3 |  4- 6 |  7- 9 | 10-12 | 13-15 | 16-18 | 19-21 || total
-------------------------+-------+-------+-------+-------+-------+-------+-------++-------
Melee: Dagger            |   222 |    44 |   126 |   434 |   966 |   672 |    49 ||  2513
       Whip              |       |       |    24 |     1 |       |       |       ||    25
       Staff             |       |       |       |       |     5 |    26 |     3 ||    34
       Short sword       |       |       |       |       |       |    77 |       ||    77
       Falchion          |       |       |       |       |       |    12 |       ||    12
Throw: Throwing net      |       |     1 |       |     2 |       |     3 |       ||     6
       Dart              |       |       |     2 |     4 |     1 |     9 |       ||    16
       Javelin           |       |       |     1 |       |       |     2 |       ||     3
       Boomerang         |       |       |       |     7 |       |       |       ||     7
 Cast: Sandblast         |    19 |    23 |    44 |    44 |    29 |    73 |     9 ||   241
       Animate Skeleton  |     4 |     6 |    19 |    64 |    90 |    88 |     8 ||   279
       Searing Ray       |       |     2 |     4 |    37 |    32 |     9 |     3 ||    87
       Wereblood         |       |       |     6 |    25 |    21 |     8 |       ||    60
       Stone Arrow       |       |       |     7 |    67 |   190 |   244 |    57 ||   565
       Ozocubu's Armour  |       |       |     1 |    12 |     5 |       |     1 ||    19
       Summon Mana Viper |       |       |       |     3 |    25 |     3 |     9 ||    40
       Starburst         |       |       |       |       |    19 |   185 |     6 ||   210
       Ozocubu's Refrige |       |       |       |       |       |    12 |    14 ||    26
       Eringya's Noxious |       |       |       |       |       |       |     2 ||     2
Invok: Minor Destruction |       |     1 |    35 |     6 |       |       |       ||    42
       Lesser Servant of |       |       |     5 |    16 |    24 |    25 |     7 ||    77
       Major Destruction |       |       |       |     8 |    10 |     5 |       ||    23
       Greater Servant o |       |       |       |       |       |     7 |     1 ||     8
Evoke: Wand              |       |       |       |     2 |    11 |    26 |       ||    39
       Condenser vane    |       |       |       |     1 |       |     3 |       ||     4
       Box of beasts     |       |       |       |     1 |       |     2 |     1 ||     4
       Phantom mirror    |       |       |       |       |       |     2 |       ||     2
       Tin of tremorston |       |       |       |       |       |     1 |       ||     1
  Use: Scroll            |       |       |     1 |    19 |    12 |    10 |       ||    42
       Potion            |       |       |       |     3 |     6 |     9 |       ||    18
 Stab: Sleeping          |       |       |       |     3 |    21 |     9 |     2 ||    35
       Distracted        |       |       |       |     1 |    10 |    16 |     1 ||    28
       Confused          |       |       |       |     1 |       |       |       ||     1
       Invisible         |       |       |       |       |     1 |       |       ||     1
       Paralysed         |       |       |       |       |       |     3 |       ||     3
Armor: Scale mail        |   129 |    32 |   105 |   106 |    28 |       |       ||   400
       Leather armour    |       |       |       |    39 |       |       |       ||    39
       Acid dragon scale |       |       |       |    27 |   190 |   255 |    35 ||   507
       Skin              |       |       |       |     1 |       |       |       ||     1
Dodge: Dodged            |   109 |    28 |   108 |   297 |   768 |  1142 |    86 ||  2538
Block: Buckler           |       |       |       |    56 |   285 |   358 |    30 ||   729
       Rpst.: Falchion   |       |       |       |       |       |     2 |       ||     2

Table legend: (Time is in decaauts)
 A = Elapsed time spent in this place.
 B = Non-inter-level travel time spent in this place.
 C = Inter-level travel time spent in this place.
 D = Time resting spent in this place.
 E = Time spent auto-exploring this place.
 F = Levels seen in this place.
 G = Mean time per level.
                   A        B        C        D        E       F      G
               +--------+--------+--------+--------+--------+-----+--------+
         Total |  40128 |  34545 |   5583 |   5302 |  18955 |  34 | 1180.2 |
       Dungeon |  20126 |  17819 |   2307 |   3799 |   9964 |  15 | 1341.7 |
        Temple |    178 |    142 |     36 |      0 |    141 |   1 |  178.0 |
          Lair |   8517 |   6955 |   1562 |    446 |   4238 |   6 | 1419.5 |
         Swamp |   3736 |   3333 |    403 |    378 |   1786 |   4 |  934.0 |
   Spider Nest |   4628 |   3698 |    930 |    378 |   1884 |   4 | 1157.0 |
  Orcish Mines |   2178 |   1834 |    344 |    144 |    847 |   2 | 1089.0 |
        Vaults |     58 |     58 |      0 |      2 |     18 |   1 |   58.0 |
      Ice Cave |    704 |    704 |      0 |    154 |     77 |   1 |  704.0 |
               +--------+--------+--------+--------+--------+-----+--------+

Top non-repeatable levels by time:
    D:11: 2265 daAuts
     D:8: 2215 daAuts
     D:1: 1930 daAuts
   Orc:2: 1816 daAuts
  Lair:4: 1709 daAuts
Spider:3: 1699 daAuts
  Lair:6: 1612 daAuts
     D:3: 1598 daAuts
  Lair:2: 1454 daAuts
  Lair:1: 1421 daAuts
     D:5: 1416 daAuts
    D:10: 1375 daAuts
     D:9: 1366 daAuts
     D:7: 1350 daAuts
 Swamp:4: 1338 daAuts
